A- WEST
LANCASTER JETHAWKS @ FRESNO GRIZZLIES
07/31/2041
 
TOP OF THE 1ST
Lancaster Jethawks batting - Pitching for Fresno Grizzlies : RHP Josh Sweeney
Pitching: RHP Josh Sweeney
Batting: LHB Rob Glenn 0-0: Ball
1-0: Ball
2-0: Called Strike
2-1: SINGLE (Groundball, 15S, EV 71.3 MPH) (infield hit)
Batting: RHB Oliver Álvarez 0-0: Ball
1-0: Ball
2-0: Bunted foul
2-1: Bunted foul
2-2: Foul Ball, location: 3F
2-2: Ball
3-2: Foul Ball, location: 9LDF
3-2: Foul Ball, location: 23FF
3-2: Foul Ball, location: 3SF
3-2: Foul Ball, location: 5F
3-2: Foul Ball, location: 2F
3-2: Strikes out swinging
Rob Glenn steals 2nd base
Batter strikes out.
Batting: RHB Thad Bunch 0-0: Ball
1-0: Ball
2-0: DOUBLE (Flyball, 8RXD, EV 105.0 MPH)
Rob Glenn scores
Batting: RHB Demy Wiersma 0-0: Ball
1-0: Called Strike
1-1: Foul Ball, location: 2F
1-2: DOUBLE (Line Drive, 5D, EV 105.6 MPH)
Thad Bunch scores
Batting: RHB Héctor Tovar 0-0: Foul Ball, location: 9LDF
0-1: Ball
1-1: Ball
2-1: Swinging Strike
2-2: Strikes out swinging
Batting: RHB Kevin Wadley 0-0: Ball
1-0: Ball
2-0: Foul Ball, location: 3SF
2-1: Foul Ball, location: 2F
2-2: Ball
3-2: Ground out 6-3 (Groundball, 6, EV 103.8 MPH)
Top of the 1st over - 2 runs, 3 hits, 0 errors, 1 left on base; Lancaster 2 - Fresno 0
BOTTOM OF THE 1ST
Fresno Grizzlies batting - Pitching for Lancaster Jethawks : RHP José Breceda
Pitching: RHP José Breceda
Batting: RHB Juan Colón 0-0: Called Strike
0-1: Ball
1-1: Swinging Strike
1-2: Ball
2-2: Ball
3-2: Base on Balls
Batting: SHB Jesús Tovar 0-0: Ball
1-0: Ball
Juan Colón steals 2nd base
2-0: Called Strike
2-1: Called Strike
2-2: Foul Ball, location: 2F
2-2: SINGLE (Groundball, 4M, EV 105.6 MPH)
Juan Colón to third
Batting: RHB Ben Austin 0-0: Ball
1-0: SINGLE (Flyball, 7LS, EV 90.0 MPH)
Juan Colón scores
Jesús Tovar to second
Batting: RHB Don Stanley 0-0: Foul Ball, location: 23F
0-1: Called Strike
0-2: Strikes out swinging
Batting: RHB Héctor Martínez 0-0: Fly out, F7 (Line Drive, 78M, EV 85.0 MPH)
Batting: RHB Norberto Rivera 0-0: Ball
1-0: Ball
2-0: Called Strike
2-1: Foul Ball, location: 9LSF
2-2: Foul Ball, location: 23FF
2-2: Foul Ball, location: 9LDF
2-2: Ball
3-2: Fly out, F9 (Flyball, 89S, EV 83.8 MPH)
Bottom of the 1st over - 1 run, 2 hits, 0 errors, 2 left on base; Lancaster 2 - Fresno 1
TOP OF THE 2ND
Lancaster Jethawks batting - Pitching for Fresno Grizzlies : RHP Josh Sweeney
Batting: LHB Tony Costello 0-0: Ball
1-0: Called Strike
1-1: Ball
2-1: Foul Ball, location: 25F
2-2: Ground out 6-3 (Groundball, 6, EV 91.9 MPH)
Batting: RHB Jeff Phillips 0-0: Ball
1-0: Foul Ball, location: 9LMF
1-1: Fly out, F3 (Popup, 3SF, EV 83.8 MPH)
Batting: RHB Bobby King 0-0: Ball
1-0: SINGLE (Line Drive, 8LS, EV 107.5 MPH)
Batting: LHB Rob Glenn 0-0: Ball
1-0: Called Strike
1-1: Foul Ball, location: 3FF
1-2: Ball
2-2: Strikes out swinging
Top of the 2nd over - 0 runs, 1 hit, 0 errors, 1 left on base; Lancaster 2 - Fresno 1
BOTTOM OF THE 2ND
Fresno Grizzlies batting - Pitching for Lancaster Jethawks : RHP José Breceda
Batting: RHB José López 0-0: Called Strike
0-1: Foul Ball, location: 9LSF
0-2: Ball
1-2: Ball
2-2: Ball
3-2: Base on Balls
Batting: SHB Dave Willis 0-0: Called Strike
José López is caught stealing 2nd base 2-6
0-1: Foul Ball, location: 9LMFF
0-2: Ball
1-2: Ball
2-2: Ball
3-2: Ground out 4-3 (Groundball, 4, EV 88.8 MPH)
Batting: RHB Aurelio González 0-0: Fly out, F8 (Line Drive, 8LM, EV 91.9 MPH)
Bottom of the 2nd over - 0 runs, 0 hits, 0 errors, 0 left on base; Lancaster 2 - Fresno 1
TOP OF THE 3RD
Lancaster Jethawks batting - Pitching for Fresno Grizzlies : RHP Josh Sweeney
Batting: RHB Oliver Álvarez 0-0: Foul Ball, location: 7LMF
0-1: Ball
1-1: Called Strike
1-2: Ground out U3 (Groundball, 3, EV 103.1 MPH)
Batting: RHB Thad Bunch 0-0: Foul Ball, location: 7LMF
0-1: Ball
1-1: Foul Ball, location: 3FF
1-2: Ground out 4-3 (Groundball, 4, EV 78.8 MPH)
Batting: RHB Demy Wiersma 0-0: SINGLE (Line Drive, 5D, EV 102.5 MPH)
Batting: RHB Héctor Tovar 0-0: Ball
1-0: Fielders Choice at 2nd, 6-4 (Groundball, 6, EV 85.6 MPH)
Top of the 3rd over - 0 runs, 1 hit, 0 errors, 1 left on base; Lancaster 2 - Fresno 1
BOTTOM OF THE 3RD
Fresno Grizzlies batting - Pitching for Lancaster Jethawks : RHP José Breceda
Batting: RHB Juan Colón 0-0: Swinging Strike
0-1: Ball
1-1: Foul Ball, location: 7LMF
1-2: SINGLE (Flyball, 9, EV 94.4 MPH)
Batting: SHB Jesús Tovar 0-0: Sac Bunt to 13 - play at first, batter OUT! 1-3
Juan Colón to second
Batting: RHB Ben Austin 0-0: Ball
1-0: Ball
2-0: SINGLE (Line Drive, 7S, EV 108.1 MPH)
Juan Colón to third
Batting: RHB Don Stanley 0-0: Ball
Ben Austin steals 2nd base
1-0: Ball
2-0: Ball
3-0: Base on Balls
Batting: RHB Héctor Martínez 0-0: Ball
1-0: Called Strike
1-1: Ball
2-1: Ball
3-1: Grounds into double play, 6-4-3 (Groundball, 56, EV 104.4 MPH)
Bottom of the 3rd over - 0 runs, 2 hits, 0 errors, 2 left on base; Lancaster 2 - Fresno 1
TOP OF THE 4TH
Lancaster Jethawks batting - Pitching for Fresno Grizzlies : RHP Josh Sweeney
Batting: RHB Kevin Wadley 0-0: Called Strike
0-1: Ball
1-1: Called Strike
1-2: Strikes out looking
Batting: LHB Tony Costello 0-0: Swinging Strike
0-1: Swinging Strike
0-2: Strikes out looking
Batting: RHB Jeff Phillips 0-0: Called Strike
0-1: Ball
1-1: Ball
2-1: Swinging Strike
2-2: Reached on error, E9 (Flyball, 9LM, EV 87.5 MPH)
Batting: RHB Bobby King 0-0: Ball
1-0: Fly out, F9 (Flyball, 89M, EV 83.8 MPH)
Top of the 4th over - 0 runs, 0 hits, 1 error, 1 left on base; Lancaster 2 - Fresno 1
BOTTOM OF THE 4TH
Fresno Grizzlies batting - Pitching for Lancaster Jethawks : RHP José Breceda
Batting: RHB Norberto Rivera 0-0: Called Strike
0-1: Foul Ball, location: 2LF
0-2: Foul Ball, location: 23F
0-2: Foul Ball, location: 3FF
0-2: Ball
1-2: Foul Ball, location: 7LDF
1-2: Strikes out looking
Batting: RHB José López 0-0: Foul Ball, location: 7LMFF
0-1: Ball
1-1: Called Strike
1-2: Strikes out swinging
Batting: SHB Dave Willis 0-0: Ball
1-0: Ball
2-0: Called Strike
2-1: Foul Ball, location: 7LSF
2-2: Strikes out swinging
Bottom of the 4th over - 0 runs, 0 hits, 0 errors, 0 left on base; Lancaster 2 - Fresno 1
TOP OF THE 5TH
Lancaster Jethawks batting - Pitching for Fresno Grizzlies : RHP Josh Sweeney
Batting: LHB Rob Glenn 0-0: Ball
1-0: Called Strike
1-1: Called Strike
1-2: Strikes out swinging
Batting: RHB Oliver Álvarez 0-0: Ball
1-0: Swinging Strike
1-1: Ball
2-1: Ball
3-1: Base on Balls
Pitching: LHP José Santvario
Batting: RHB Thad Bunch 0-0: Ball
1-0: DOUBLE (Flyball, 8RXD, EV 90.6 MPH)
Oliver Álvarez to third
Runner from 3rd tries for Home, SAFE, throw by CF to trailing runner, SAFE at third!
Batting: RHB Demy Wiersma 0-0: Swinging Strike
0-1: Ball
1-1: Ball
2-1: Ground out 5-3 (Groundball, 5L, EV 82.5 MPH)
Batting: RHB Héctor Tovar 0-0: Ball
1-0: Ball
2-0: Swinging Strike
2-1: Foul Ball, location: 5SF
2-2: Ground out 1-3 (Groundball, 13S, EV 62.5 MPH)
Top of the 5th over - 1 run, 1 hit, 0 errors, 1 left on base; Lancaster 3 - Fresno 1
BOTTOM OF THE 5TH
Fresno Grizzlies batting - Pitching for Lancaster Jethawks : RHP José Breceda
Batting: RHB Aurelio González 0-0: Called Strike
0-1: Ball
1-1: Swinging Strike
1-2: Ground out 6-3 (Groundball, 6, EV 88.8 MPH)
Batting: RHB Juan Colón 0-0: Foul Ball, location: 9LMF
0-1: Fly out, F4 (Popup, 34, EV 61.9 MPH)
Batting: SHB Jesús Tovar 0-0: Called Strike
0-1: Ground out 6-3 (Groundball, 6, EV 100.6 MPH)
Bottom of the 5th over - 0 runs, 0 hits, 0 errors, 0 left on base; Lancaster 3 - Fresno 1
TOP OF THE 6TH
Lancaster Jethawks batting - Pitching for Fresno Grizzlies : LHP José Santvario
Batting: RHB Kevin Wadley 0-0: Swinging Strike
0-1: Swinging Strike
0-2: Ball
1-2: Fly out, F7 (Flyball, 7, EV 89.4 MPH)
Batting: LHB Tony Costello 0-0: Ball
1-0: Ball
2-0: Called Strike
2-1: Called Strike
2-2: Foul Ball, location: 23FF
2-2: Fly out, F6 (Popup, 6, EV 75.0 MPH)
Batting: RHB Jeff Phillips 0-0: Ball
1-0: Called Strike
1-1: SINGLE (Line Drive, 7S, EV 103.1 MPH)
Batting: RHB Bobby King 0-0: Ball
1-0: Ground out 6-3 (Groundball, 6S, EV 71.3 MPH)
Top of the 6th over - 0 runs, 1 hit, 0 errors, 1 left on base; Lancaster 3 - Fresno 1
BOTTOM OF THE 6TH
Fresno Grizzlies batting - Pitching for Lancaster Jethawks : RHP José Breceda
Pitching: RHP Edgar Rodríguez
Batting: RHB Ben Austin 0-0: Foul Ball, location: 9LDF
0-1: SOLO HOME RUN (Flyball, 78XD, EV 100.0 MPH), Distance : 398 ft
Batting: RHB Don Stanley 0-0: Called Strike
0-1: Foul Ball, location: 3F
0-2: Strikes out swinging
Batting: LHB Jeff Rogers 0-0: Fly out, F8 (Flyball, 8RM, EV 87.5 MPH)
Pinch Hitting: RHB Dave Howell 0-0: Swinging Strike
0-1: Ground out 2-3 (Groundball, 2R, EV 66.9 MPH)
Bottom of the 6th over - 1 run, 1 hit, 0 errors, 0 left on base; Lancaster 3 - Fresno 2
TOP OF THE 7TH
Lancaster Jethawks batting - Pitching for Fresno Grizzlies : LHP José Santvario
Now in LF: Dave Howell
Batting: LHB Rob Glenn 0-0: Called Strike
0-1: Swinging Strike
0-2: Foul Ball, location: 2F
0-2: Strikes out swinging
Batting: RHB Oliver Álvarez 0-0: Ball
1-0: Called Strike
1-1: Ground out 4-3 (Groundball, 34, EV 82.5 MPH)
Batting: RHB Thad Bunch 0-0: Ball
1-0: Ground out 6-3 (Groundball, 6, EV 81.9 MPH)
Top of the 7th over - 0 runs, 0 hits, 0 errors, 0 left on base; Lancaster 3 - Fresno 2
BOTTOM OF THE 7TH
Fresno Grizzlies batting - Pitching for Lancaster Jethawks : RHP Edgar Rodríguez
Pinch Hitting: RHB Greg Price 0-0: Ball
1-0: SINGLE (Line Drive, 89S, EV 110.0 MPH)
Batting: SHB Dave Willis 0-0: Called Strike
0-1: Ball
1-1: Ball
2-1: Swinging Strike
2-2: Strikes out swinging
Pinch Hitting: RHB Jimmy Tessier 0-0: Called Strike
Greg Price steals 2nd base
0-1: Swinging Strike
0-2: Ground out U3 (Groundball, 3S, EV 74.4 MPH)
Greg Price to third
Batting: RHB Juan Colón 0-0: Called Strike
0-1: Foul Ball, location: 2F
0-2: Ball
1-2: Strikes out swinging
Bottom of the 7th over - 0 runs, 1 hit, 0 errors, 1 left on base; Lancaster 3 - Fresno 2
TOP OF THE 8TH
Lancaster Jethawks batting - Pitching for Fresno Grizzlies : LHP José Santvario
Now at SS: Jimmy Tessier
Now in RF: Luis Negrón
Batting: RHB Demy Wiersma 0-0: Called Strike
0-1: Ball
1-1: Called Strike
1-2: Ball
2-2: Fly out, F7 (Flyball, 78M, EV 90.6 MPH)
Batting: RHB Héctor Tovar 0-0: Ball
1-0: Foul Ball, location: 3FF
1-1: Ball
2-1: Foul Ball, location: 2LF
2-2: Ball
3-2: Base on Balls
Batting: RHB Kevin Wadley 0-0: Ball
1-0: Called Strike
1-1: Foul Ball, location: 2F
1-2: Ball
2-2: Ball
3-2: Base on Balls
Héctor Tovar to second
Batting: RHB Derek Law 0-0: Grounds into double play, 6-4-3 (Groundball, 6, EV 82.5 MPH)
Top of the 8th over - 0 runs, 0 hits, 0 errors, 1 left on base; Lancaster 3 - Fresno 2
BOTTOM OF THE 8TH
Fresno Grizzlies batting - Pitching for Lancaster Jethawks : RHP Edgar Rodríguez
Pinch Hitting: SHB Danny Nolan 0-0: Ball
1-0: Called Strike
1-1: Ball
2-1: Ball
3-1: Base on Balls
Batting: RHB Ben Austin 0-0: Foul Ball, location: 5F
0-1: Foul Ball, location: 3FF
0-2: Ball
1-2: Grounds into double play, 2-6-3 (Groundball, 2R, EV 71.9 MPH)
Batting: RHB Don Stanley 0-0: Ball
1-0: Called Strike
1-1: Ground out 4-3 (Groundball, 34, EV 80.0 MPH)
Bottom of the 8th over - 0 runs, 0 hits, 0 errors, 0 left on base; Lancaster 3 - Fresno 2
TOP OF THE 9TH
Lancaster Jethawks batting - Pitching for Fresno Grizzlies : LHP José Santvario
Now at 2B: Danny Nolan
Pinch Hitting: RHB Mike Jenkins 0-0: DOUBLE (Line Drive, 5D, EV 95.6 MPH)
Pinch Hitting: RHB Pete Renny 0-0: Intentional Walk
Batting: LHB Rob Glenn 0-0: Called Strike
0-1: Sac Bunt to 13 - play at first, batter OUT! 1-4
Mike Jenkins to third
Pete Renny to second
Batting: RHB Oliver Álvarez 0-0: Foul Ball, location: 25F
0-1: Swinging Strike
0-2: Strikes out looking
Batting: RHB Thad Bunch 0-0: SINGLE (Line Drive, 9S, EV 104.4 MPH)
Mike Jenkins scores
Pete Renny to third
Runner from 3rd tries for Home, SAFE, throw by RF to home
Thad Bunch to second
Batting: RHB Demy Wiersma 0-0: Called Strike
0-1: Swinging Strike
0-2: Ball
1-2: Foul Ball, location: 9LMF
1-2: Strikes out swinging
Top of the 9th over - 2 runs, 2 hits, 0 errors, 1 left on base; Lancaster 5 - Fresno 2
BOTTOM OF THE 9TH
Fresno Grizzlies batting - Pitching for Lancaster Jethawks : RHP Edgar Rodríguez
Pitching: RHP António Rivera
Now at 1B: Mike Jenkins
Now in LF: Edgardo Rodríguez
Batting: LHB Jeff Rogers 0-0: Ball
1-0: Called Strike
1-1: Ball
2-1: Foul Ball, location: 7LSF
2-2: Ground out U3 (Groundball, 3, EV 81.9 MPH)
Batting: RHB Dave Howell 0-0: Called Strike
0-1: SINGLE (Line Drive, 78S, EV 105.6 MPH)
Batting: RHB Luis Negrón 0-0: Called Strike
0-1: Called Strike
0-2: Ball
1-2: Foul Ball, location: 9LSF
1-2: Foul Ball, location: 23F
1-2: Ball
2-2: Strikes out looking
Pinch Hitting: RHB Chet Powers 0-0: Ball
1-0: Called Strike
1-1: Ball
2-1: Ball
3-1: Ground out 4-3 (Groundball, 4, EV 85.0 MPH)
Bottom of the 9th over - 0 runs, 1 hit, 0 errors, 1 left on base; Lancaster 5 - Fresno 2
Monday, April 1st , 2024 - OOTP Baseball 24.10 Build 82